Map: Ghost River LE

Players

xBenx

  • Race: Zerg Zerg
  • Spawn Location: 1:00

SKYTOSSPMCY - Winner!

  • Race: Protoss Protoss
  • League: Gold
  • Spawn Location: 11:00

VOD

Have the link to the VOD?

Description

xBenx vs SKYTOSSPMCY

Time

  • Played on: April 1, 2024, 3:12 p.m.
  • Length: 9:13
Show
View Real Time Build Order
Export as new Build Order

xBenx Zerg 

Build Orders: Hatch First 

Get SALT Encoding   

  12  0:02  Drone  
  13  0:21  Overlord  
  13  0:25  Drone  
  14  0:46  Hatchery  
  13  1:05  Extractor  
  12  1:13  Spawning Pool  
  11  1:37  Extractor, Drone x3  
  13  1:59  Drone  
  14  2:05  Spine Crawler  
  14  2:07  Queen  
  15  2:13  Spine Crawler  
  14  2:19  Spine Crawler  
  14  2:21  Spine Crawler  
  13  2:38  Spine Crawler  
  12  2:57  Spine Crawler  
  12  3:00  Drone  
  12  3:01  Drone x3  
  16  3:40  Zergling x12  
  22  3:54  Spine Crawler  
  18  4:22  Queen  
  18  4:23  Drone x2  
  22  4:26  Overlord  
  22  4:27  Extractor  
  21  4:49  Drone  
  21  4:50  Drone x2  
  21  4:51  Drone x2  
  25  5:07  Hatchery  
  20  5:29  Lair  
  20  5:34  Overlord x2  
  20  5:49  Metabolic Boost  
  20  5:55  Roach Warren  
  19  6:02  Spore Crawler  
  18  6:19  Overlord  
  18  6:22  Drone x2  
  18  6:24  Zergling x2  
  21  6:28  Drone  
  22  6:37  Drone  
  23  6:42  Evolution Chamber  
  22  6:49  Drone  
  22  6:51  Spore Crawler  
  22  6:57  Drone  
  22  6:59  Drone  
  22  7:00  Drone  
  25  7:09  Drone  
  25  7:15  Queen  
  26  7:41  Drone x2  
  23  7:48  Spore Crawler  
  22  8:05  Spawning Pool  
  21  8:15  Roach x3  
  27  8:24  Roach  
Show
View Real Time Build Order
Export as new Build Order

SKYTOSSPMCY Protoss - Winner!

Build Orders:  

Get SALT Encoding   

  12  0:10  Pylon  
  12  0:13  Probe (Chrono Boost)  
  13  0:23  Assimilator  
  13  0:25  Probe (Chrono Boost)  
  14  0:36  Forge  
  14  0:54  Probe  
  15  1:05  Pylon  
  15  1:06  Probe  
  16  1:14  Pylon  
  17  1:18  Probe  
  17  1:30  Photon Cannon  
  17  1:31  Gateway  
  16  1:36  Probe (Chrono Boost)  
  17  1:45  Photon Cannon  
  17  1:46  Probe (Chrono Boost)  
  18  1:51  Probe (Chrono Boost)  
  18  1:52  Assimilator  
  19  2:13  Probe  
  20  2:16  Zealot (Chrono Boost)  
  22  2:25  Probe  
  22  2:29  Cybernetics Core  
  23  2:35  Zealot  
  25  3:10  Shield Battery  
  25  3:11  Stalker  
  27  3:16  Nexus  
  27  3:21  Gateway  
  27  3:33  Robotics Facility  
  25  3:51  Stalker (Chrono Boost)  
  25  4:15  Zealot (Chrono Boost), Photon Cannon  
  26  4:35  Immortal  
  30  4:43  Pylon  
  30  4:46  Assimilator  
  30  4:51  Probe x2  
  32  5:03  Probe x2  
  34  5:12  Zealot  
  34  5:14  Warp Prism (Chrono Boost)  
  38  5:27  Pylon  
  38  5:29  Probe (Chrono Boost)  
  38  5:33  Probe (Chrono Boost)  
  40  5:40  Probe (Chrono Boost)  
  42  5:44  Twilight Council, Probe (Chrono Boost)  
  42  5:45  Gateway, Probe (Chrono Boost)  
  42  5:49  Photon Cannon  
  43  5:53  Probe  
  44  5:57  Immortal  
  48  6:06  Protoss Ground Weapons Level 1  
  48  6:15  Probe  
  48  6:16  Pylon  
  48  6:18  Probe  
  50  6:19  Warp Gate (Chrono Boost)  
  50  6:23  Gateway  
  50  6:35  Gateway  
  50  6:48  Pylon  
  50  6:53  Shield Battery  
  50  6:56  Templar Archives  
  50  7:00  Assimilator  
  50  7:02  Photon Cannon  
  50  8:23  Zealot  
  50  8:24  Zealot x3  
  50  9:01  Stalker x3  
  50  9:02  Stalker  
Tags
 
Add a new tag
Caveats
  • Supply blocks, unpowered buildings, or Contaminate may cause inaccurate times.
  • Supply counts are checked every 10 seconds.